AoeStats
← [GDL] HANNIBAL

Arena

509959650Analyzed
4v4 RM · 3d ago on Sep 28, 2026· 45m 46s· 8 players
Game mode
Random Map
Map size
Large (8 player)
Population
200
Speed
Normal
Resources
Standard
Victory
Conquest
Starting age
Dark Age
Ending age
Imperial Age
RankedLock teamsTeams togetherTeam positionsShared explorationLock speedFull tech treeHidden civsTurbo modeCheats
Victory
Defeat
🇲🇽 Slavs · Mexico
1331
+13
1327
+13
🇦🇷 Goths · Argentina
1323
+14
🇮🇳 Teutons · India
1309
+14
🇺🇸 Khitans · United States
1332
-15
🇳🇴 Lithuanians · Norway
1293
-15
1233
-12
🇬🇧 Vikings · United Kingdom
1224
-12
solmanfu
10:55 Feudal Age
11:46 Loom
12:42 Stone Mining
12:41 Double-Bit Axe
14:58 Fletching
24:49 Castle Age
26:21 Bodkin Arrow
26:35 Gold Mining
28:30 Forging
28:22 Scale Mail Armor
30:03 Gold Shaft Mining
30:46 Bow Saw
30:26 Horse Collar
31:58 Elite Skirmisher
35:55 Imperial Age
whitewidow52
10:55 Feudal Age
19:09 Castle Age
17:01 Loom
17:29 Double-Bit Axe
17:30 Domestication
20:22 Bow Saw
21:59 Wheelbarrow
26:12 Scale Mail Armor
26:23 Forging
29:12 Stone Mining
29:45 Chain Mail Armor
30:31 Iron Casting
34:25 Imperial Age
33:13 Lamellar Armor
34:22 Arson
34:38 Squires
34:23 Gambesons
34:56 Elite Liao Dao
36:33 Plate Mail Armor
37:06 Gold Mining
37:11 Elite Fire Lancer
42:27 Man-at-Arms
[FUCKI] Obi-One Canboneme
11:29 Feudal Age
16:58 Castle Age
15:09 Double-Bit Axe
15:31 Horse Collar
16:25 Forging
16:32 Gold Mining
20:51 Wheelbarrow
21:31 Bloodlines
23:15 Loom
25:24 Hand Cart
26:15 Husbandry
29:30 Gold Shaft Mining
33:45 Imperial Age
31:26 Fletching
31:37 Padded Archer Armor
31:56 Stone Mining
34:17 Ballistics
34:07 Kamandaran
33:32 Crossbowman
34:20 Thumb Ring
34:54 Conscription
35:30 Bow Saw
35:23 Heavy Plow
35:21 Bodkin Arrow
35:42 Leather Archer Armor
36:52 Chemistry
37:56 Two-Man Saw
36:19 Light Cavalry
37:36 Ring Archer Armor
37:10 Hussar
Noob
10:19 Feudal Age
11:22 Loom
14:26 Castle Age
12:43 Double-Bit Axe
13:37 Horse Collar
19:44 Wheelbarrow
23:10 Hand Cart
24:28 Bloodlines
24:09 Light Cavalry
27:03 Husbandry
27:56 Bow Saw
27:48 Heavy Plow
27:41 Gold Mining
30:40 Imperial Age
29:22 Scale Barding Armor
31:02 Chain Barding Armor
31:17 Elite Leitis
33:46 Conscription
33:20 Town Watch
34:33 Plate Barding Armor
34:09 Forging
33:38 Pikeman
34:19 Squires
34:04 Arson
35:19 Tower Shields
35:10 Halberdier
37:43 Iron Casting
37:10 Scale Mail Armor
39:42 Chain Mail Armor
42:02 Fletching
42:46 Bodkin Arrow
42:45 Elite Skirmisher
43:30 Bracer
44:28 Padded Archer Armor
45:27 Leather Archer Armor
46:06 Ballistics
46:47 Chemistry
[GDL] HANNIBAL
5:49 Loom
8:48 Feudal Age
10:32 Fletching
21:57 Horse Collar
22:21 Double-Bit Axe
28:19 Castle Age
28:47 Gold Mining
28:48 Stone Mining
31:55 Castle Age
33:46 Wheelbarrow
32:56 Town Watch
34:11 Bow Saw
34:19 Town Watch
41:06 Hand Cart
42:13 Heavy Plow
46:29 Imperial Age
46:38 Imperial Age
44:46 Town Patrol
44:12 Man-at-Arms
46:20 Masonry
45:33 Long Swordsman
snek_fan
9:48 Feudal Age
14:30 Castle Age
13:44 Double-Bit Axe
16:16 Horse Collar
20:40 Wheelbarrow
22:08 Wheelbarrow
23:14 Bow Saw
23:06 Heavy Plow
23:56 Gold Mining
25:07 Hand Cart
24:56 Loom
28:58 Imperial Age
26:15 Town Watch
26:35 Stone Mining
27:43 Bloodlines
28:54 Scale Barding Armor
29:02 Cavalier
30:03 Chain Barding Armor
31:19 Forging
33:38 Conscription
33:40 Town Patrol
34:16 Iron Casting
33:34 Fletching
35:15 Chemistry
34:26 Masonry
34:08 Capped Ram
34:32 Paladin
37:14 Ballistics
38:27 Plate Barding Armor
38:52 Blast Furnace
40:08 Blast Furnace
39:08 Bodkin Arrow
39:14 Bodkin Arrow
时来天地皆同力
9:58 Feudal Age
14:31 Castle Age
12:29 Double-Bit Axe
12:55 Horse Collar
15:24 Bow Saw
19:36 Heavy Plow
20:56 Fervor
21:44 Wheelbarrow
22:50 Stone Mining
25:41 Gold Mining
27:30 Stone Shaft Mining
29:28 Imperial Age
27:01 Fletching
27:29 Hand Cart
27:25 Town Watch
27:25 Loom
27:41 Bodkin Arrow
27:46 Padded Archer Armor
28:17 Thumb Ring
29:22 Ballistics
29:48 Padded Archer Armor
31:18 Chemistry
31:26 Two-Man Saw
30:53 Conscription
31:05 Bracer
30:52 Elite Genoese Crossbowman
31:51 Leather Archer Armor
35:27 Ring Archer Armor
37:39 Treadmill Crane
38:10 Masonry
37:47 Arrowslits
39:09 Coinage
39:02 Squires
38:48 Arson
41:34 Banking
41:47 Crop Rotation
45:18 Town Patrol
JUNCAL
7:08 Loom
9:38 Feudal Age
10:20 Double-Bit Axe
10:16 Horse Collar
10:51 Man-at-Arms
14:25 Wheelbarrow
14:32 Town Watch
21:25 Castle Age
21:06 Gold Mining
22:34 Bow Saw
22:00 Long Swordsman
22:42 Scale Mail Armor
25:30 Squires
25:47 Forging
27:58 Stone Mining
29:22 Iron Casting
29:09 Chain Mail Armor
30:16 Iron Casting
31:36 Hand Cart
33:03 Stone Shaft Mining
37:01 Imperial Age
34:56 Heavy Plow
37:27 Two-Handed Swordsman
39:09 Blast Furnace
38:24 Pikeman
39:55 Halberdier
42:11 Perfusion
Connection lost

Rejoining the realm…

Still unreachable

The connection could not be restored.

Session expired

The server has moved on; the page needs a fresh start.